 Dungeon Crawl Stone Soup version 0.23.2-1-ga50397a (webtiles) character file.

Game seed: 17164117014250862770

4568 thomd the Swashbuckler (level 10, -2/64 HPs)
             Began as a Kobold Berserker on May 1, 2019.
             Was a High Priest of Trog.
             Slain by a cyclops (17 damage)
             ... on level 8 of the Dungeon.
             The game lasted 00:30:06 (8514 turns).

thomd the Swashbuckler (Kobold Berserker)           Turns: 8514, Time: 00:30:06

Health: -2/64      AC: 19    Str: 23    XL:     10   Next: 67%
Magic:  10/10      EV: 11    Int:  8    God:    Trog [*****.]
Gold:   449        SH:  0    Dex: 17    Spells: 9/9 levels left

rFire    . . .     SeeInvis .   A - +2 rapier (venom)
rCold    . . .     Gourm    .   (shield restricted)
rNeg     . . .     Faith    .   u - +9 chain mail of Weirdness {Str+7 Stlth+}
rPois    .         Spirit   .   (no helmet)
rElec    .         Reflect  .   (no cloak)
rCorr    .         Harm     .   (no gloves)
MR       .....                  n - +1 pair of boots
Stlth    ..........             (no amulet)
HPRegen  0.20/turn              g - ring of flight
MPRegen  0.12/turn              (no ring)

@: lightly drained
A: small, carnivore
a: Berserk, Trog's Hand, Brothers in Arms, Renounce Religion, Evoke Flight


You were on level 8 of the Dungeon.
You worshipped Trog.
Trog was extremely pleased with you.
You were not hungry.

You visited 1 branch of the dungeon, and saw 8 of its levels.
You also visited: Sewer.

You collected 449 gold pieces.

Inventory:

Hand Weapons
 a - a +0 short sword
 i - a +2 dagger of speed
 k - a +1 vampiric falchion
 r - a cursed -1 dagger
 A - a +2 rapier of venom (weapon)
 L - a +3 vampiric short sword
Missiles
 C - 4 tomahawks of returning (quivered)
Armour
 b - a +0 animal skin
 n - a +1 pair of boots (worn)
 t - the -4 pair of boots of the Thistle {*Corrode rPois Str+7}
   (You found it on level 4 of the Dungeon)

   It affects your strength (+7).
   It protects you from poison.
   It may corrode you when you take damage.
 u - the +9 chain mail of Weirdness (worn) {Str+7 Stlth+}
   (You found it on level 4 of the Dungeon)

   It affects your strength (+7).
   It makes you more stealthy.
 J - a cursed +0 robe
Jewellery
 g - a ring of flight (left hand)
 E - an uncursed ring of ice
 H - an uncursed ring of wizardry {unknown}
Wands
 q - a wand of disintegration (14)
 y - a wand of polymorph (24)
 D - a wand of iceblast (5)
 I - a wand of paralysis (7)
 M - a wand of digging (8)
Scrolls
 d - 8 scrolls of teleportation
 e - 3 scrolls of enchant weapon {unknown}
 f - 3 scrolls of remove curse
 j - 2 scrolls of amnesia
 p - a scroll of magic mapping {unknown}
 s - a scroll of random uselessness {unknown}
 x - 2 scrolls of identify
 F - a scroll of fear {unknown}
 K - a scroll of noise {unknown}
Potions
 h - 2 potions of haste
 l - 3 potions of might
 m - 10 potions of curing
 o - 2 potions of flight
 v - a potion of degeneration {unknown}
 w - a potion of mutation {unknown}
 z - a potion of ambrosia {unknown}
 B - 2 potions of heal wounds {unknown}
 G - a potion of invisibility
Comestibles
 c - 14 rations


   Skills:
 + Level 8.2(7.9) Fighting
 * Level 16.4(16.0) Short Blades
 - Level 1.5(1.3) Armour
 - Level 2.4(2.1) Dodging
 + Level 1.0(0.7) Evocations


You had 9 spell levels left.
You didn't know any spells.
Your spell library was empty.

Dungeon Overview and Level Annotations

Branches:
Dungeon (8/15)             Temple (0/1) D:5
   Lair: D:8-11

Altars:
Ashenzari
Elyvilon
Hepliaklqana
Makhleb
Qazlal
Sif Muna
Trog
Vehumet
Wu Jian
Zin
The Shining One

Shops:
D:7 [

Annotations:
D:3 1 exclusion
D:7 2 runed translucent doors, Crazy Yiuf


Innate Abilities, Weirdness & Mutations

You are small and have problems with some larger weapons.
You are carnivorous and can eat meat at any time.


Message History

The crimson imp closely misses you.
Things that are here:
a +0 halberd; a +0 chain mail; a large rock You puncture the cyclops!
The cyclops is poisoned.
The cyclops is lightly wounded.
The cyclops hits you.
* * * LOW HITPOINT WARNING * * *
The crimson imp hits you but does no damage.
You hit the cyclops.
The cyclops looks as sick as possible!
The cyclops is moderately wounded.
A howler monkey comes into view.
You completely miss the cyclops.
The cyclops is moderately wounded.
The howler monkey howls!
The crimson imp closely misses you.
You hit the cyclops.
The cyclops looks as sick as possible!
The cyclops is heavily wounded.
The howler monkey hoots and howls with incredible vigour!
The cyclops hits you!
You die...

....... .......
....... .......##
### ........###.#
....(..#.(.# ##
#..C#.### ..# ###
#..5@.# #.. ...
#...### .C# # ≈≈.
#...# ##..
#≈###≈##....#.# ..#
≈≈≈≈#####.#†##..# #
#≈≈# #.#...# ##≈
#≈≈#####.#h§.#
#.≈≈#≈≈......#.##..#
..≈≈≈≈≈..†.....# ..#


You could see a cyclops, a howler monkey and a crimson imp.

Vanquished Creatures
  Harold (D:7)
  Pikel (D:5)
  A centaur zombie (D:7)
  A hungry ghost (D:8)
  Eustachio (D:5)
  Edmund (D:4)
  Duvessa (D:5)
  An ice beast (D:6)
  2 orc warriors
  A sky beast (D:8)
  An eye of draining (D:7)
  A slave (D:5)
  5 ogres
  3 centaurs
  A big kobold (D:7)
  4 bullfrogs
  2 scorpions (D:7)
  Dowan (D:5)
  3 wights
  A crimson imp (D:7)
  A quasit (D:7)
  4 hounds
  3 jellies
  A centaur skeleton (D:5)
  5 orc priests
  Terence (D:3)
  5 worker ants
  2 hound skeletons (D:4)
  A worker ant zombie (D:7)
  A howler monkey zombie (D:6)
  4 gnolls (D:6)
  8 adders
  2 oozes
  An adder zombie (D:7)
  2 adder skeletons
  4 worms
  A dart slug (D:2)
  5 leopard geckos
  28 orcs
  5 ball pythons
  11 bats
  8 giant cockroaches
  6 hobgoblins
  17 jackals
  20 kobolds
  3 quokkas
  9 frilled lizards
  4 goblins
  A leopard gecko skeleton (D:4)
  7 rats
  2 plants (Sewer)
205 creatures vanquished.

Vanquished Creatures (others)
  A fungus (D:8)
1 creature vanquished.

Grand Total: 206 creatures vanquished

Notes
Turn   | Place    | Note
-------+----------+-------------------------------------------
     0 | D:1      | thomd the Kobold Berserker began the quest for the Orb.
     0 | D:1      | Reached XP level 1. HP: 14/14 MP: 1/1
   109 | D:1      | Reached XP level 2. HP: 17/19 MP: 2/2
   311 | D:1      | Reached skill level 5 in Short Blades
   311 | D:1      | Reached XP level 3. HP: 19/23 MP: 3/3
   971 | D:2      | Reached ** piety under Trog
  1002 | D:2      | Found a glowing golden altar of the Shining One.
  1047 | D:2      | Reached XP level 4. HP: 29/29 MP: 4/4
  1167 | D:2      | Found a faded altar of an unknown god.
  1247 | D:2      | Reached skill level 6 in Short Blades
  1269 | D:2      | HP: 2/43 [poisoned by an adder]
  1674 | D:2      | Found a stormy altar of Qazlal.
  1678 | D:2      | Found a radiant altar of Vehumet.
  1678 | D:2      | Found a bloodstained altar of Trog.
  1678 | D:2      | Found a hazy altar of Hepliaklqana.
  1678 | D:2      | Found a deep blue altar of Sif Muna.
  1679 | D:2      | Found an ornate altar of the Wu Jian Council.
  1680 | D:2      | Found a burning altar of Makhleb.
  1681 | D:2      | Found a shattered altar of Ashenzari.
  1998 | D:2      | Reached XP level 5. HP: 22/33 MP: 5/5
  2564 | D:3      | Reached skill level 7 in Short Blades
  2856 | D:3      | Reached *** piety under Trog
  2961 | D:3      | Noticed Terence
  2993 | D:3      | Killed Terence
  2993 | D:3      | Reached XP level 6. HP: 26/38 MP: 6/6
  3231 | D:3      | Found a glowing silver altar of Zin.
  3323 | D:4      | Reached skill level 8 in Short Blades
  3382 | D:4      | Got a pair of ancient boots
  3389 | D:4      | Got a dazzling chain mail
  3404 | D:4      | Identified the -4 pair of boots of the Thistle {*Corrode
                  | rPois Str+7} (You found it on level 4 of the Dungeon)
  3405 | D:4      | Identified the +9 chain mail of Weirdness {Str+7 Stlth+}
                  | (You found it on level 4 of the Dungeon)
  3571 | D:4      | Found a white marble altar of Elyvilon.
  3670 | D:4      | Noticed Edmund
  3689 | D:4      | Killed Edmund
  3689 | D:4      | Reached skill level 9 in Short Blades
  3689 | D:4      | Reached XP level 7. HP: 44/44 MP: 7/7
  4392 | D:5      | Entered Level 5 of the Dungeon
  4558 | D:5      | Reached skill level 10 in Short Blades
  4776 | D:5      | Noticed Eustachio
  4783 | D:5      | Reached skill level 5 in Fighting
  4831 | D:5      | Killed Eustachio
  4831 | D:5      | Reached XP level 8. HP: 49/49 MP: 8/8
  4948 | D:5      | Noticed Pikel
  5023 | D:5      | Killed Pikel
  5023 | D:5      | Reached skill level 12 in Short Blades
  5084 | D:5      | Found a staircase to the Ecumenical Temple.
  5126 | D:5      | Noticed Dowan
  5150 | D:5      | Killed Dowan
  5209 | D:5      | Noticed Duvessa
  5232 | D:5      | Killed Duvessa
  5232 | D:5      | Reached XP level 9. HP: 51/55 MP: 9/9
  5499 | D:6      | Reached **** piety under Trog
  5499 | D:6      | Received a gift from Trog
  5523 | D:6      | Reached skill level 13 in Short Blades
  5626 | D:6      | Found a white marble altar of Elyvilon.
  5637 | D:6      | Found a glowing drain.
  5652 | Sewer    | Entered a sewer
  6815 | D:6      | Reached skill level 14 in Short Blades
  7064 | D:7      | Found a runed translucent door.
  7064 | D:7      | Noticed a sixfirhy
  7159 | D:7      | Noticed Harold
  7184 | D:7      | Killed Harold
  7184 | D:7      | Reached skill level 15 in Short Blades
  7184 | D:7      | Reached XP level 10. HP: 26/63 MP: 10/10
  7365 | D:7      | Found Otyreg's Antique Armour Emporium.
  7427 | D:7      | Reached ***** piety under Trog
  7693 | D:7      | Reached skill level 16 in Short Blades
  7909 | D:7      | Found a runed translucent door.
  7910 | D:7      | Noticed Crazy Yiuf
  8322 | D:8      | Received a gift from Trog
  8477 | D:8      | Noticed a cyclops
  8509 | D:8      | Reached skill level 1 in Evocations
  8514 | D:8      | Slain by a cyclops

Skill      XL: |  1  2  3  4  5  6  7  8  9 10 |
---------------+-------------------------------+-----
Short Blades   | 5 6 7 9 10 12 15 16 | 16.4
Fighting       | 4 5 7 8 |  8.2
Evocations     | 1 |  1.0
Armour         | |  1.5
Dodging        | |  2.4

Action                   |  1- 3 |  4- 6 |  7- 9 | 10-12 || total
-------------------------+-------+-------+-------+-------++-------
Melee: Short sword       |   133 |   115 |   118 |    26 ||   392
       Dagger            |       |   217 |    79 |    52 ||   348
       Rapier            |       |       |   252 |   114 ||   366
Invok: Berserk           |       |     1 |     3 |       ||     4
 Abil: Evoke Flight      |       |       |     1 |       ||     1
Evoke: Wand              |       |     1 |       |       ||     1
  Use: Potion            |       |     2 |     1 |       ||     3
       Scroll            |       |     8 |       |       ||     8
 Stab: Sleeping          |       |     1 |       |       ||     1
  Eat: Chunk             |     8 |     9 |    16 |       ||    33
       Ration            |       |       |       |     3 ||     3
Armor: Animal skin       |    22 |    36 |       |       ||    58
       Chain mail        |       |    10 |   150 |    52 ||   212
Dodge: Dodged            |   126 |   196 |   163 |    58 ||   543
